 Dungeon Crawl Stone Soup version 0.28-a0-268-g3f656e82c2 (webtiles) character file.

Game seed: 17665111371848303830

97 frimble the Covered (level 4, 0/38 HPs)
             Began as a Gnoll Wanderer on Aug 29, 2021.
             Killed by divine providence
             ... invoked by an orc priest
              (11 damage)
             ... on level 3 of the Dungeon.
             The game lasted 00:02:28 (2258 turns).

frimble the Covered (Gnoll Wanderer)                Turns: 2258, Time: 00:02:29

Health: 0/38       AC:  7    Str: 12    XL:     4   Next: 68%
Magic:  5/5        EV:  8    Int: 12    God:
Gold:   66         SH:  8    Dex: 11    Spells: 1/5 levels left

rFire   . . .      SeeInvis .   a - +0 mace
rCold   . . .      Faith    .   b - +0 kite shield
rNeg    . . .      Spirit   .   c - +0 ring mail
rPois   .          Reflect  .   e - +0 helmet
rElec   .          Harm     .   (no cloak)
rCorr   .          Rampage  .   (no gloves)
Will    .....                   (no boots)
Stlth   ++........              (no amulet)
HPRegen 0.12/turn               (no ring)
MPRegen 0.09/turn               (no ring)

@: no status effects
A: fangs 1, strong nose, distributed training
a: no special abilities


You were on level 3 of the Dungeon.
You visited 1 branch of the dungeon, and saw 3 of its levels.

You collected 66 gold pieces.

Inventory:

Hand Weapons
 a - a +0 mace (weapon)
 d - a +0 dagger
Armour
 b - a +0 kite shield (worn)
 c - a +0 ring mail (worn)
 e - a +0 helmet (worn)
Scrolls
 g - a scroll of silence {unknown}
 h - 2 scrolls of identify {unknown}
 i - a scroll of holy word {unknown}
 l - a scroll of immolation {unknown}
 n - a scroll of teleportation {unknown}
Potions
 j - a potion of attraction {unknown}
 k - a potion of degeneration {unknown}
 m - a potion of flight {unknown}
 o - a potion of curing {unknown}


   Skills:
 + Level 4.7 Fighting
 + Level 2.8 Short Blades
 + Level 1.2 Long Blades
 + Level 1.2 Axes
 + Level 2.8 Maces & Flails
 + Level 1.2 Polearms
 + Level 1.2 Staves
 + Level 1.2 Slings
 + Level 1.2 Bows
 + Level 1.2 Crossbows
 + Level 1.2 Throwing
 + Level 6.6 Armour
 + Level 1.2 Dodging
 + Level 4.3 Stealth
 + Level 2.8 Shields
 + Level 1.2 Unarmed Combat
 + Level 1.2 Spellcasting
 + Level 1.0 Conjurations
 + Level 1.0 Hexes
 + Level 1.0 Summonings
 + Level 1.0 Necromancy
 + Level 1.0 Translocations
 + Level 1.0 Transmutations
 + Level 1.0 Fire Magic
 + Level 1.0 Ice Magic
 + Level 1.0 Air Magic
 + Level 1.0 Earth Magic
 + Level 1.0 Poison Magic
 + Level 1.3 Invocations
 + Level 1.2 Evocations


You had one spell level left.
You knew the following spells:

 Your Spells              Type           Power      Damage    Failure   Level
a - Olgreb's Toxic Radia  Pois           3%         N/A       100%        4

Your spell library contained the following spells:

 Spells                   Type           Power      Damage    Failure   Level
 Shock                    Conj/Air       12%        1d3       88%         1
 Sting                    Tmut/Pois      12%        1d3       88%         1
 Poisonous Vapours        Pois/Air       6%         N/A       96%         2
 Swiftness                Air            3%         N/A       99%         3
 Airstrike                Air            1%         N/A       100%        4


Dungeon Overview and Level Annotations

Branches:
Dungeon (3/15)

Altars:
Ashenzari


Innate Abilities, Weirdness & Mutations

You have very sharp teeth.
Your uncanny sense of smell can sniff out nearby items.
Your experience applies equally to all skills.


Message History

You sock the orc priest!
You bite the orc priest, but do no damage.
The orc priest is severely wounded.
The orc priest barely misses you.
The orc priest hits you but does no damage.
You closely miss the orc priest.
The orc priest is severely wounded.
The orc priest hits you with a +1 mace of protection.
You hit the orc priest but do no damage.
The orc priest is severely wounded.
The orc priest looks more healthy.
The orc priest hits you with a +1 mace of protection.
The orc priest completely misses you.
You are too injured to fight recklessly!
You are too injured to fight recklessly!
You are too injured to fight recklessly!
You are too injured to fight recklessly!
You are too injured to fight recklessly!
You are too injured to fight recklessly!
You are too injured to fight recklessly!
You are too injured to fight recklessly!
You hit the orc priest.
The orc priest is almost dead.
You block the orc priest's attack.
You hit the orc priest but do no damage.
The orc priest is almost dead.
The orc priest invokes the aid of Beogh against you.
Beogh smites you! The orc priest barely misses you.
You hit the orc priest.
You bite the orc priest, but do no damage.
The orc priest is almost dead.
The orc priest barely misses you.
You closely miss the orc priest.
The orc priest is almost dead.
The orc priest calls down the wrath of Beogh upon you.
Pain shoots through your body!
* * * LOW HITPOINT WARNING * * *
The orc priest mumbles some strange prayers to Beogh against you.
Beogh smites you!
You die...

.###.. . .#...
.. .... ... ...
.... ..
.....#.##
........###
.......@..#
........o..#
...............
...............
..........(....
...............
...............
....##......(.(


You could see an orc priest.

Vanquished Creatures
  5 adders (D:2)
  A dart slug (D:2)
  3 orcs (D:2)
  4 ball pythons
  2 endoplasms (D:1)
  4 giant cockroaches
  7 goblins
  6 hobgoblins
  2 quokkas (D:2)
  5 bats (D:2)
  2 frilled lizards (D:2)
  2 rats
43 creatures vanquished.

Notes
Turn   | Place    | Note
-------+----------+-------------------------------------------
     0 | D:1      | frimble the Gnoll Wanderer began the quest for the Orb.
     0 | D:1      | frimble set off with the following items: a +0 mace, a +0
                  | kite shield, a +0 ring mail, a +0 dagger
     0 | D:1      | Reached XP level 1. HP: 20/20 MP: 1/1
   208 | D:1      | Reached XP level 2. HP: 26/26 MP: 2/2
   220 | D:1      | You fall into a shaft and drop 1 floor!
   220 | D:2      | Found a faded altar of an unknown god.
   753 | D:1      | Reached XP level 3. HP: 31/31 MP: 3/3
  1096 | D:2      | Reached skill level 1 in Invocations
  1133 | D:2      | Found a broken altar of Ashenzari.
  1320 | D:2      | Reached skill level 1 in Long Blades
  1320 | D:2      | Reached skill level 1 in Axes
  1320 | D:2      | Reached skill level 1 in Polearms
  1320 | D:2      | Reached skill level 1 in Staves
  1320 | D:2      | Reached skill level 1 in Slings
  1320 | D:2      | Reached skill level 1 in Bows
  1320 | D:2      | Reached skill level 1 in Crossbows
  1320 | D:2      | Reached skill level 1 in Throwing
  1320 | D:2      | Reached skill level 1 in Dodging
  1320 | D:2      | Reached skill level 1 in Unarmed Combat
  1320 | D:2      | Reached skill level 1 in Spellcasting
  1320 | D:2      | Reached skill level 1 in Evocations
  1324 | D:2      | Reached XP level 4. HP: 21/38 MP: 5/5
  1600 | D:2      | Learned a level 4 spell: Olgreb's Toxic Radiance
  1904 | D:2      | Reached skill level 1 in Conjurations
  1904 | D:2      | Reached skill level 1 in Hexes
  1904 | D:2      | Reached skill level 1 in Summonings
  1904 | D:2      | Reached skill level 1 in Necromancy
  1904 | D:2      | Reached skill level 1 in Translocations
  1904 | D:2      | Reached skill level 1 in Transmutations
  1904 | D:2      | Reached skill level 1 in Fire Magic
  1904 | D:2      | Reached skill level 1 in Ice Magic
  1904 | D:2      | Reached skill level 1 in Air Magic
  1904 | D:2      | Reached skill level 1 in Earth Magic
  1904 | D:2      | Reached skill level 1 in Poison Magic
  2258 | D:3      | Killed from afar by an orc priest

Illustrated notes

Levels and vault maps discovered:
D:1:      dpeg_arrival_simpleton_c, layout_basic
D:2:      layout_rooms, basic_altar, ebering_ecumenical_altar_webs,
          minmay_misc_feat_room, minmay_fractal_squares_gapless_5
D:3:      minmay_diamond_boxcup, layout_rooms, bloody_makhleb,
          mainiacjoe_overflow_catwalk_spiral, st_stairs_1, minmay_vboxes

Skill      XL: |  1  2  3  4 |
---------------+-------------+-----
Invocations    | 1 |  1.3
Long Blades    | 1 |  1.2
Axes           | 1 |  1.2
Polearms       | 1 |  1.2
Staves         | 1 |  1.2
Slings         | 1 |  1.2
Bows           | 1 |  1.2
Crossbows      | 1 |  1.2
Throwing       | 1 |  1.2
Dodging        | 1 |  1.2
Unarmed Combat | 1 |  1.2
Spellcasting   | 1 |  1.2
Evocations     | 1 |  1.2
Conjurations   | 1 |  1.0
Hexes          | 1 |  1.0
Summonings     | 1 |  1.0
Necromancy     | 1 |  1.0
Translocations | 1 |  1.0
Transmutations | 1 |  1.0
Fire Magic     | 1 |  1.0
Ice Magic      | 1 |  1.0
Air Magic      | 1 |  1.0
Earth Magic    | 1 |  1.0
Poison Magic   | 1 |  1.0
Fighting       | |  4.7
Short Blades   | |  2.8
Maces & Flails | |  2.8
Armour         | |  6.6
Stealth        | |  4.3
Shields        | |  2.8

Action                   |  1- 3 |  4- 6 || total
-------------------------+-------+-------++-------
Melee: Mace              |   117 |    58 ||   175
       Bite              |     8 |     6 ||    14
Throw: Dart              |       |     5 ||     5
  Use: Potion            |       |     1 ||     1
 Stab: Sleeping          |     3 |       ||     3
Armor: Ring mail         |    67 |    49 ||   116
Dodge: Dodged            |    56 |    46 ||   102
Block: Kite shield       |    62 |    43 ||   105

Table legend: (Time is in decaauts)
 A = Elapsed time spent in this place.
 B = Non-inter-level travel time spent in this place.
 C = Inter-level travel time spent in this place.
 D = Time resting spent in this place.
 E = Time spent auto-exploring this place.
 F = Levels seen in this place.
 G = Mean time per level.
                   A        B        C        D        E       F      G
               +--------+--------+--------+--------+--------+-----+--------+
         Total |   2356 |   2296 |     60 |    120 |   1643 |   3 |  785.3 |
       Dungeon |   2356 |   2296 |     60 |    120 |   1643 |   3 |  785.3 |
               +--------+--------+--------+--------+--------+-----+--------+

Top non-repeatable levels by time:
     D:2: 1735 daAuts
     D:1: 590 daAuts
     D:3: 31 daAuts
